 Dungeon Crawl Stone Soup version 0.27-a0-1200-g94dc6ad4cf (webtiles) character file.

Game seed: 9145801467265158317

2580 siradein the Chucker (level 9, -1/79 HPs)
             Began as a Troll Hunter on June 1, 2021.
             Was a Priest of Hepliaklqana.
             Slain by a two-headed ogre
             ... wielding a +0 giant club
              (32 damage)
             ... on level 8 of the Dungeon.
             The game lasted 00:15:36 (5555 turns).

siradein the Chucker (Troll Hunter)                 Turns: 5555, Time: 00:15:36

Health: -1/79      AC:  5    Str: 31    XL:     9   Next: 32%
Magic:  10/10      EV: 11    Int:  7    God:    Hepliaklqana [***...]
Gold:   480        SH:  0    Dex: 10    Spells: 8/8 levels left

rFire    . . .     SeeInvis .     - Unarmed
rCold    . . .     Faith    .   (no shield)
rNeg     . . .     Spirit   .   b - +0 robe
rPois    .         Reflect  .   (helmet restricted)
rElec    .         Harm     .   x - +0 cloak
rCorr    .         Rampage  .   (gloves unavailable)
Will     +....                  (boots unavailable)
Stlth    +.........             (no amulet)
HPRegen  1.23/turn              j - ring of willpower
MPRegen  0.12/turn              u - +6 ring of strength

@: no status effects
A: reduced essence, large, unfitting armour, claws 3, regeneration 1, shaggy fur
1, tough skin 1
a: Renounce Religion, Recall Ancestor, Ancestor Identity, Transference


You were on level 8 of the Dungeon.
You worshipped Hepliaklqana.
Hepliaklqana was most pleased with you.
You visited 1 branch of the dungeon, and saw 8 of its levels.

You collected 480 gold pieces.

Inventory:

Hand Weapons
 k - a +0 hunting sling
Missiles
 c - 5 large rocks
 d - 2 throwing nets
 h - 8 javelins
 m - 195 stones
 r - 7 boomerangs
 t - 26 sling bullets
 v - 42 poisoned darts (quivered)
 E - 7 curare-tipped darts
Armour
 b - a +0 robe (worn)
 x - a +0 cloak (worn)
 A - a +0 kite shield
Jewellery
 j - a ring of willpower (left claw)
 u - a +6 ring of strength (right claw)
Wands
 s - a wand of flame (13)
Scrolls
 g - a scroll of torment {unknown}
 l - 3 scrolls of teleportation {unknown}
 o - 2 scrolls of amnesia {unknown}
 p - 2 scrolls of holy word {unknown}
 y - 2 scrolls of magic mapping
 B - a scroll of enchant weapon
 C - a scroll of immolation {unknown}
 G - a scroll of fog {unknown}
Potions
 a - 2 potions of invisibility
 e - 2 potions of brilliance
 f - 4 potions of curing
 i - a potion of ambrosia
 q - a potion of attraction
 w - a potion of haste
 z - 2 potions of flight
 D - a potion of resistance


   Skills:
 + Level 5.3 Fighting
 + Level 6.7 Throwing
 + Level 5.2 Dodging
 - Level 0.3 Stealth
 + Level 5.9 Unarmed Combat
 + Level 2.7 Invocations


You had 8 spell levels left.
You didn't know any spells.
Your spell library contained the following spells:

 Spells                   Type           Power      Damage    Failure   Level
 Beastly Appendage        Tmut           0%         N/A       43%         1
 Magic Dart               Conj           0%         1d3       43%         1
 Shock                    Conj/Air       0%         1d3       43%         1
 Blink                    Tloc           N/A        N/A       56%         2
 Call Imp                 Summ           0%         N/A       56%         2
 Slow                     Hex            0%         N/A       56%         2
 Static Discharge         Conj/Air       0%         N/A       56%         2
 Wereblood                Tmut           0%         N/A       56%         2
 Conjure Flame            Conj/Fire      0%         6-21      80%         3
 Mephitic Cloud           Conj/Pois/Air  0%         N/A       80%         3
 Spider Form              Tmut/Pois      0%         N/A       80%         3
 Swiftness                Air            0%         N/A       80%         3
 Airstrike                Air            0%         N/A       99%         4
 Ice Form                 Ice/Tmut       0%         N/A       99%         4
 Hydra Form               Tmut           0%         N/A       100%        5
 Lightning Bolt           Conj/Air       0%         1d11      100%        5


Dungeon Overview and Level Annotations

Branches:
Dungeon (8/15)             Temple (0/1) D:6
   Lair: D:8-11

Altars:
Dithmenos
Elyvilon
Hepliaklqana
Nemelex Xobeh
Ru
Uskayaw
Wu Jian
Xom
Zin
The Shining One

Annotations:
D:7 2 runed translucent doors, exclusion: orange crystal statue


Innate Abilities, Weirdness & Mutations

Your life essence is reduced to manifest your ancestor. (-10% HP)
You are too large for most types of armour.
You have claws for hands.
Your natural rate of healing is unusually fast.
You are covered in fur. (AC +1)
You have tough skin. (AC +1)


Message History

You swap places.
You now have 454 gold pieces (gained 10).
You now have 475 gold pieces (gained 21).
You now have 480 gold pieces (gained 5).
A jelly comes into view.
The jelly quivers.
A jelly is nearby!
A jelly is nearby!
A jelly is nearby!
A jelly is nearby!
A jelly is nearby!
The jelly closely misses you.
You claw the jelly!
Your claws burn!
The jelly is heavily wounded.
The jelly closely misses you.
You claw the jelly!
You kill the jelly!
No target in view!
No target in view!
m - 195 stones (gained 16)
A two-headed ogre comes into view.
It is wielding a +0 giant club and a +0 giant spiked club.
A two-headed ogre is nearby!
A two-headed ogre is nearby!
A two-headed ogre is nearby!
There are no items here.
You completely miss the two-headed ogre.
The two-headed ogre closely misses you.
The two-headed ogre hits you with a +0 giant spiked club!
You claw the two-headed ogre!
The two-headed ogre is moderately wounded.
The two-headed ogre misses you.
The two-headed ogre hits you with a +0 giant spiked club!
You claw the two-headed ogre!
The two-headed ogre is heavily wounded.
Eater-of-Dicks hits the two-headed ogre with a +0 dagger of draining!
You mangle the two-headed ogre!!
The two-headed ogre is almost dead.
The two-headed ogre hits you with a +0 giant club!!
The two-headed ogre hits you with a +0 giant spiked club!!
You die...

##...## #.## ##.
#...# #..## #..#
###.# ##..## #..#
### ##..####..#
##......#
##.....##
#.....##
#......#.#######.
#.######.@O......
##R.#..... ####
###


You could see the friendly Eater-of-Dicks the hexer and a two-headed ogre (ally
target).

Vanquished Creatures
  3 yaks (D:7)
  Eustachio (D:4)
  A steam dragon (D:7)
  An orc warrior (D:7)
  A black bear (D:5)
  2 centaurs
  A phantom (D:5)
  A bullfrog (D:7)
  A scorpion (D:6)
  A gnoll sergeant (D:8)
  A water moccasin skeleton (D:6)
  5 wights (D:6)
  A centaur zombie (D:6)
  4 hounds
  2 jellies
  A bullfrog zombie (D:5)
  2 orc priests (D:7)
  3 iguanas
  A scorpion zombie (D:5)
  A howler monkey zombie (D:3)
  7 gnolls
  5 adders
  3 white imps
  5 worms
  4 dart slugs
  12 orcs
  9 endoplasms
  2 giant cockroaches (D:3)
  6 hobgoblins
  5 jackals
  5 quokkas
  2 ball pythons (D:1)
  2 bats (D:1)
  5 frilled lizards
  8 goblins
  9 kobolds
  2 rats
125 creatures vanquished.

Vanquished Creatures (collateral kills)
  A water moccasin (D:4)
  An orc warrior (D:7)
  A centaur (D:8)
  A scorpion (D:6)
  A hound (D:6)
  A gnoll (D:8)
  2 orcs (D:7)
8 creatures vanquished.

Grand Total: 133 creatures vanquished

Notes
Turn   | Place    | Note
-------+----------+-------------------------------------------
     0 | D:1      | siradein the Troll Hunter began the quest for the Orb.
     0 | D:1      | Reached XP level 1. HP: 19/19 MP: 0/0
   183 | D:1      | Reached XP level 2. HP: 28/28 MP: 1/1
   201 | D:1      | Found a faded altar of an unknown god.
   499 | D:2      | Reached skill level 1 in Unarmed Combat
   517 | D:2      | Reached XP level 3. HP: 22/35 MP: 2/2
   930 | D:2      | Reached skill level 4 in Throwing
  1474 | D:3      | Found a hazy altar of Hepliaklqana.
  1699 | D:3      | Became a worshipper of Hepliaklqana the Forgotten
  1818 | D:3      | Reached XP level 4. HP: 41/42 MP: 3/3
  2093 | D:3      | Found a sparkling altar of Nemelex Xobeh.
  2262 | D:3      | Found a shadowy altar of Dithmenos.
  2299 | D:3      | Reached XP level 5. HP: 41/50 MP: 4/4
  2348 | D:3      | Found a shimmering altar of Xom.
  2519 | D:4      | Reached * piety under Hepliaklqana
  2524 | D:4      | Found a hide-covered altar of Uskayaw.
  2648 | D:4      | Noticed a water moccasin
  2671 | D:4      | HP: 2/45 [water moccasin (8)]
  2685 | D:4      | Killed a water moccasin
  2744 | D:4      | Noticed Eustachio
  2755 | D:4      | Killed Eustachio
  2756 | D:4      | Reached XP level 6. HP: 47/54 MP: 5/5
  3158 | D:5      | Entered Level 5 of the Dungeon
  3238 | D:5      | Reached skill level 5 in Throwing
  3238 | D:5      | Reached XP level 7. HP: 25/60 MP: 6/6
  3466 | D:5      | Found a white marble altar of Elyvilon.
  3466 | D:5      | Found a glowing golden altar of the Shining One.
  3624 | D:5      | Found an ornate altar of the Wu Jian Council.
  3996 | D:6      | Reached ** piety under Hepliaklqana
  3997 | D:6      | Remembered your ancestor Eater-of-Dicks as a hexer
  4031 | D:6      | Found a staircase to the Ecumenical Temple.
  4105 | D:6      | Reached XP level 8. HP: 70/70 MP: 7/7
  4494 | D:6      | Reached skill level 6 in Throwing
  4781 | D:7      | Reached skill level 5 in Unarmed Combat
  4789 | D:7      | Reached skill level 1 in Invocations
  4791 | D:7      | Reached skill level 5 in Fighting
  4899 | D:7      | Reached skill level 5 in Dodging
  4899 | D:7      | Reached XP level 9. HP: 57/79 MP: 9/9
  4975 | D:7      | Found a runed translucent door.
  4983 | D:7      | Found the +10 tower shield of Ignorance {rN+ Int-4}
  5029 | D:7      | Found a glowing silver altar of Zin.
  5107 | D:7      | Found a runed translucent door.
  5120 | D:7      | Noticed an orange crystal statue
  5153 | D:7      | Found a sacrificial altar of Ru.
  5463 | D:8      | Reached *** piety under Hepliaklqana
  5549 | D:8      | Noticed a two-headed ogre
  5555 | D:8      | Slain by a two-headed ogre

Illustrated notes

Levels and vault maps discovered:
D:1:      wander_arrival_desolate, layout_rooms, ebering_ecumenical_altar_rust,
          hex_medium, minmay_misc_feat_tiny, serial_park_tiny_pond,
          minmay_misc_feat_alley
D:2:      layout_basic, minmay_misc_feat_cross, chequers_serial_rivers_small_3
D:3:      layout_loops_corners, marbit_many_paths,
          lemuel_coloured_pillars_altar, nemelex_diamond_rough_becter,
          lemuel_crystal_altar, grunt_ministairs_13
D:4:      layout_rooms, kennysheep_little_box, minmay_misc_feat_five,
          kennysheep_big_empty_room, minmay_puff, uniq_eustachio
D:5:      layout_basic, pdpol_wu_jian_five_deadly_venoms,
          gammafunk_temple_overflow_pools
D:6:      layout_loops_ring, minmay_temple_entry_stoned_glass
D:7:      layout_gridville, lemuel_crystal_altar, general_overflow_altar,
          chequers_guarded_unrand_ignorance
D:8:      layout_layer_cave, serial_shops, shop

Skill      XL: |  1  2  3  4  5  6  7  8 |
---------------+-------------------------+-----
Unarmed Combat | 1 2 3 4 5 |  5.9
Fighting       | 2 3 4 5 |  5.3
Dodging        | 2 3 4 5 |  5.2
Throwing       | 4 5 6 |  6.7
Invocations    | 2 |  2.7
Stealth        | |  0.3

Action                   |  1- 3 |  4- 6 |  7- 9 || total
-------------------------+-------+-------+-------++-------
Melee: Unarmed           |   135 |   115 |   182 ||   432
       Punch             |       |       |     6 ||     6
 Fire: Hunting sling     |     9 |       |       ||     9
Invok: Ancestor Life: He |       |       |     1 ||     1
       Ancestor Identity |       |       |     1 ||     1
  Use: Potion            |       |     2 |       ||     2
       Scroll            |       |       |     9 ||     9
 Stab: Sleeping          |     2 |       |       ||     2
       Distracted        |       |       |     1 ||     1
Armor: Robe              |    42 |    29 |    47 ||   118
Dodge: Dodged            |    56 |    59 |   108 ||   223

Table legend: (Time is in decaauts)
 A = Elapsed time spent in this place.
 B = Non-inter-level travel time spent in this place.
 C = Inter-level travel time spent in this place.
 D = Time resting spent in this place.
 E = Time spent auto-exploring this place.
 F = Levels seen in this place.
 G = Mean time per level.
                   A        B        C        D        E       F      G
               +--------+--------+--------+--------+--------+-----+--------+
         Total |   5533 |   5340 |    193 |     46 |   4136 |   8 |  691.6 |
       Dungeon |   5533 |   5340 |    193 |     46 |   4136 |   8 |  691.6 |
               +--------+--------+--------+--------+--------+-----+--------+

Top non-repeatable levels by time:
     D:3: 1158 daAuts
     D:5: 819 daAuts
     D:6: 792 daAuts
     D:2: 769 daAuts
     D:4: 731 daAuts
     D:7: 595 daAuts
     D:1: 493 daAuts
     D:8: 174 daAuts
